 Dungeon Crawl Stone Soup version 0.31.0-11-ge490571c62 (webtiles) character file.

Game seed: 13017192738765337020

1451 Xavori the Slasher (level 9, -18/102 HPs)
             Began as a Djinni Chaos Knight on Jan 29, 2024.
             Was a Plaything of Xom.
             Killed from afar by a ynoxinul (30 damage)
             ... with an iron shot
             ... summoned by Xom
             ... on level 6 of the Dungeon.
             The game lasted 00:05:36 (13511 turns).

Xavori the Slasher (Djinni Chaos Knight)           Turns: 13511, Time: 00:05:36

Health: -18/102    AC: 24    Str: 11    XL:     9   Next: 4%
Gold:   250        EV:  2    Int: 15    God:    Xom [......] SH:  0 Dex: 14

rFire   . . .        a - +0 falchion (chaos)
rCold   . . .        (no shield)
rNeg    . . .        p - melded +1 ring mail of the Echidna {rElec Str+4 Int+3}
rPois   ∞            (helmet currently unavailable)
rElec   .            (cloak currently unavailable)
rCorr   .            (gloves currently unavailable)
SInv    .            (boots unavailable)
Will    +....        (no amulet)
Stlth   +            e - +5 ring of evasion
HPRegen 0.37/turn    n - +5 ring of evasion
MPRegen 0.00/turn

%: clarity, infuse magic (-19 HP)
@: tree-form
A: stationary, stasis, torment immunity, boosted hp, sickness immunity, (fire
resistance 3), (cold vulnerability 2), float, innate caster, HP casting, extra
vitality 1, (horns 1), (large bone plates 1), clarity, clumsy 1, deterioration
1, strong-willed 1, robust 1
a: Renounce Religion


You were on level 6 of the Dungeon.
You worshipped Xom.
You were a very special plaything of Xom.
You were a tree.
You visited 1 branch of the dungeon, and saw 6 of its levels.

You collected 250 gold pieces.

Inventory:

Hand Weapons
 a - a +0 falchion of chaos (weapon)
Armour
 h - a +3 leather armour
 j - the +1 robe "Vatragh" {+Blink Str-4 Int+9 Stlth+}
   (You found it on level 2 of the Dungeon)

   Str-4:     It affects your strength (-4).
   Int+9:     It affects your intelligence (+9).
   +Blink:    It lets you blink.
   Stlth+:    It makes you more stealthy.
 p - the +1 ring mail of the Echidna (melded) {rElec Str+4 Int+3}
   (You found it on level 3 of the Dungeon)

   Str+4:     It affects your strength (+4).
   Int+3:     It affects your intelligence (+3).
   rElec:     It insulates you from electricity.
Jewellery
 e - a +5 ring of evasion (left branch)
 n - a +5 ring of evasion (right branch)
 s - a ring of ice
Wands
 y - a wand of flame (6)
Scrolls
 c - a scroll of butterflies
 d - a scroll of fear {unknown}
 i - a scroll of poison {unknown}
 k - a scroll of vulnerability {unknown}
 l - a scroll of identify {unknown}
 m - a scroll of immolation {unknown}
 q - a scroll of amnesia {unknown}
 r - a scroll of fog {unknown}
 t - a scroll of brand weapon {unknown}
 v - a scroll of acquirement {unknown}
 w - 3 scrolls of teleportation
 x - a scroll of blinking {unknown}
 z - a scroll of revelation {unknown}
Potions
 b - a potion of enlightenment {unknown}
 g - a potion of haste {unknown}
 o - a potion of heal wounds
 u - a potion of berserk rage {unknown}


   Skills:
 + Level 4.1 Fighting
 + Level 6.2 Long Blades
 + Level 5.2 Armour
 + Level 4.7 Dodging
 + Level 2.3 Shields
 * Level 2.5 Spellcasting
 * Level 2.5 Conjurations
 * Level 2.5 Hexes
 * Level 2.5 Summonings
 * Level 2.5 Necromancy
 * Level 2.5 Translocations
 * Level 2.5 Fire Magic
 * Level 2.5 Ice Magic
 * Level 2.5 Air Magic
 * Level 2.5 Earth Magic
 * Level 2.5 Alchemy
 + Level 0.2 Evocations


You knew the following spells:

 Your Spells              Type           Power      Damage    Failure   Level
a - Slow                  Hex            36%        N/A       8%          1
b - Blink                 Tloc           18%        N/A       11%         2
c - Tukima's Dance        Hex            9%         N/A       22%         3
d - Anguish               Hex/Necr       4%         N/A       58%         4
Your spell library was empty.

Dungeon Overview and Level Annotations

Branches:
Dungeon (6/15)             Temple (0/1) D:5

Altars:
Xom
Zin

Shops:
D:1 ![


Innate Abilities, Weirdness & Mutations

You are a tree.
Your roots penetrate the ground, keeping you stationary.
You cannot be teleported.
You are immune to unholy pain and torment.
Your maximum health is greatly increased.
Your equipment is partially melded.
You are immune to sickness and miasma.
You are immune to poison.
((Your flesh is almost immune to the effects of heat. (rF+++)))
((You are very vulnerable to cold. (rC--)))
You float through the air rather than walking.
You learn spells naturally, not from books.
Your magical power is your life essence.
You have superior vitality. (+4 MHP)
((You have a pair of small horns on your head.))
((You are partially covered in large bone plates. (SH +4)))
You possess an exceptional clarity of mind.
You are clumsy. (Dex -2)
Your body sometimes deteriorates upon taking damage.
You are strong-willed. (Will+)
You are robust. (+10% HP)


Message History

The wight hits you with a +3 hand axe of freezing.
* * * LOW HITPOINT WARNING * * *
The wight freezes you.
* * * LOW HITPOINT WARNING * * *
The ynoxinul hits you but does no damage.
You hit the wight.
You destroy the wight!
The quasit bites you but does no damage.
The quasit claws you.
* * * LOW HITPOINT WARNING * * *
The quasit claws you but does no damage.
The ynoxinul hits you but does no damage.
You hit the ynoxinul but do no damage.
The ynoxinul is poisoned.
The quasit bites you but does no damage.
The quasit claws you but does no damage. x2
The quasit bites you but does no damage.
The quasit claws you but does no damage. x2
The quasit bites you but does no damage.
The quasit claws you but does no damage. x2
The quasit bites you but does no damage.
The quasit claws you but does no damage.
The quasit barely misses you.
The ynoxinul hits you but does no damage.
You hit the ynoxinul but do no damage.
The quasit bites you but does no damage.
The quasit claws you but does no damage. x2
The quasit bites you but does no damage.
The quasit claws you but does no damage.
The quasit barely misses you.
The ynoxinul hits you but does no damage.
You hit the ynoxinul. You freeze the ynoxinul.
The ynoxinul is moderately wounded.
The quasit bites you but does no damage.
The quasit claws you but does no damage. x2
The quasit bites you but does no damage.
The quasit claws you but does no damage. x2
The ynoxinul gestures at you. The iron shot hits you!!
You die...
Xom giggles madly!

.... +# ....
.# ..... .##
#.....###..#
...........
.......5.##
##F##.535.+
.#...#.#♣#
.......#)# ..
. #...###....
....##......#
.......<....#
...##.......#
. #.......#
.........#
..#.......#


You could see a ynoxinul (summoned, very poisoned), 2 quasits and an ufetubus
(summoned).

Vanquished Creatures
  Prince Ribbit (D:5)
  2 ice beasts (D:5)
  A black bear (D:5)
  A brain worm (D:4)
  2 bullfrogs
  A scorpion (D:5)
  3 wights (D:6)
  A killer bee (D:4)
  A bombardier beetle (D:5)
  3 hounds (D:5)
  A jelly (D:5)
  A sleepcap (D:5)
  3 iguanas
  5 orc wizards
  4 adders
  3 shadow imps
  3 ribbon worms (D:2)
  A dart slug (D:1)
  13 orcs
  3 bats
  7 endoplasms
  4 giant cockroaches
  6 goblins
  6 hobgoblins
  10 jackals
  6 kobolds
  A quokka (D:4)
  7 ball pythons
  2 frilled lizards
  7 rats
109 creatures vanquished.

Vanquished Creatures (others)
  An iguana (D:5)
1 creature vanquished.

Grand Total: 110 creatures vanquished

Notes
Turn   | Place    | Note
-------+----------+-------------------------------------------
     0 | D:1      | Xavori the Djinni Chaos Knight began the quest for the Orb.
     0 | D:1      | Reached XP level 1. HP: 20/20 MP: 0/0
    42 | D:1      | Found Jexik's Distillery.
   107 | D:1      | Found Xuahowna's Antique Armour Shop.
   116 | D:1      | Reached XP level 2. HP: 25/25 MP: 0/0
   480 | D:1      | XOM: 11-stop teleportation journey
   601 | D:1      | Found a faded altar of an unknown god.
   761 | D:2      | XOM: silly message
   763 | D:2      | Reached skill level 3 in Long Blades
   771 | D:2      | Reached XP level 3. HP: 29/30 MP: 0/0
   771 | D:2      | Learned a level 1 spell: Slow
   883 | D:1      | XOM: divination: magic mapping
   913 | D:1      | XOM: divination: magic mapping
  1597 | D:1      | XOM: stat loss: -1 Dex (13/14)
  2033 | D:1      | XOM is BORED!
  2033 | D:1      | XOM: summons 1 hostile shadow creature
  2074 | D:2      | XOM: noise
  2670 | D:1      | XOM: summons 2 hostile shadow creatures
  2995 | D:1      | XOM: god gift: spear {god gift}
  3933 | D:1      | XOM: god gift: scarf of harm
  4011 | D:1      | XOM: silly message
  4446 | D:1      | XOM: cloud trail
  5036 | D:1      | XOM: god gift: sedimented yellow potion {god gift}
  5040 | D:1      | Gained mutation: You occasionally lose the ability to drink
                  | potions when taking damage. [potion of mutation]
  5040 | D:1      | Gained mutation: You have hidden genetic potential. [potion
                  | of mutation]
  5109 | D:1      | XOM: god gift: scale mail {god gift}
  5124 | D:1      | XOM: give mutations
  5124 | D:1      | Gained mutation: Your body sometimes deteriorates upon
                  | taking damage. [Xom's mischief]
  5124 | D:1      | Gained mutation: You are very vulnerable to cold. (rC--)
                  | [Xom's mischief]
  6750 | D:1      | XOM: noise
  6858 | D:1      | XOM is BORED!
  6886 | D:1      | XOM: silly message
  7428 | D:1      | XOM: give mutations
  7428 | D:1      | Gained mutation: You possess an exceptional clarity of
                  | mind. [Xom's grace]
  7428 | D:1      | Gained mutation: You are partially covered in large bone
                  | plates. (SH +4) [Xom's grace]
  7428 | D:1      | Gained mutation: You are robust. (+10% HP) [Xom's grace]
  7428 | D:1      | Gained mutation: Your flesh is almost immune to the effects
                  | of heat. (rF+++) [Xom's grace]
  7642 | D:1      | XOM: god gift: pitted trident {god gift}
  7642 | D:1      | Identified the +3 trident of Matiyxets {chaos, rElec Int+3}
                  | (Xom gifted it to you on level 1 of the Dungeon)
  7899 | D:1      | XOM: god gift: dyed leather armour {god gift}
  7934 | D:1      | XOM: cloud trail
  8117 | D:1      | XOM: cloud trail
  9148 | D:1      | XOM: god gift: smoky dark potion {god gift}
  9607 | D:2      | Identified the +1 robe "Vatragh" {+Blink Str-4 Int+9
                  | Stlth+}
  9706 | D:2      | Reached XP level 4. HP: 37/38 MP: 0/0
  9712 | D:2      | Gained mutation: You are strong-willed. (Will+) [hidden
                  | potential]
  9854 | D:2      | XOM: scenery: create altars
 10089 | D:3      | Identified the +1 ring mail of the Echidna {rElec Str+4
                  | Int+3}
 10176 | D:3      | XOM: scenery: create altars
 10277 | D:3      | XOM: silly message
 10428 | D:3      | You are sucked into a shaft and drop 2 floors!
 10428 | D:5      | Entered Level 5 of the Dungeon
 10432 | D:5      | Noticed a scorpion
 10437 | D:5      | XOM: draining
 10439 | D:5      | XOM: repel stairs
 10442 | D:5      | Killed a scorpion
 10443 | D:5      | Reached skill level 1 in Spellcasting
 10443 | D:5      | Reached skill level 1 in Conjurations
 10443 | D:5      | Reached skill level 1 in Hexes
 10443 | D:5      | Reached skill level 1 in Summonings
 10443 | D:5      | Reached skill level 1 in Necromancy
 10443 | D:5      | Reached skill level 1 in Translocations
 10443 | D:5      | Reached skill level 1 in Fire Magic
 10443 | D:5      | Reached skill level 1 in Ice Magic
 10443 | D:5      | Reached skill level 1 in Air Magic
 10443 | D:5      | Reached skill level 1 in Earth Magic
 10443 | D:5      | Reached skill level 1 in Alchemy
 10443 | D:5      | Reached XP level 5. HP: 37/44 MP: 0/0
 10443 | D:5      | Learned a level 2 spell: Blink
 10455 | D:5      | Gained mutation: You have a pair of small horns on your
                  | head. [hidden potential]
 10455 | D:5      | Lost mutation: You have hidden genetic potential. [hidden
                  | potential expressed]
 10507 | D:4      | Reached XP level 6. HP: 25/50 MP: 0/0
 10611 | D:4      | Reached skill level 4 in Long Blades
 10611 | D:4      | Reached skill level 1 in Shields
 10858 | D:3      | XOM: summons 4 hostile demons
 11062 | D:4      | XOM: draining
 11229 | D:4      | Noticed a black bear
 11234 | D:4      | a black bear changed into a brain worm
 11234 | D:4      | XOM: polymorph black bear -> brain worm
 11245 | D:4      | XOM: give mutation
 11245 | D:4      | Lost mutation: You are strong-willed. (Will+) [Xom's
                  | mischief]
 11282 | D:4      | XOM: give mutations
 11282 | D:4      | Lost mutation: You occasionally lose the ability to drink
                  | potions when taking damage. [Xom's mischief]
 11282 | D:4      | Gained mutation: You are strong-willed. (Will+) [Xom's
                  | mischief]
 11326 | D:4      | Reached XP level 7. HP: 43/55 MP: 0/0
 11326 | D:4      | Learned a level 3 spell: Tukima's Dance
 11489 | D:4      | Found a glowing silver altar of Zin.
 11845 | D:5      | XOM: give mutation
 11845 | D:5      | Gained mutation: You are clumsy. (Dex -2) [Xom's mischief]
 11855 | D:5      | XOM: enchant monster (bad)
 11904 | D:5      | Reached skill level 5 in Long Blades
 12455 | D:5      | Noticed Prince Ribbit
 12465 | D:5      | XOM: cast spell 'Summon Ice Beast'
 12486 | D:5      | Killed Prince Ribbit
 12487 | D:5      | Reached XP level 8. HP: 29/63 MP: 0/0
 12616 | D:5      | XOM: 1-stop teleportation journey
 12730 | D:5      | XOM: 9-stop teleportation journey
 12790 | D:5      | XOM: silly message
 12894 | D:5      | XOM: silly message
 13239 | D:5      | Found a staircase to the Ecumenical Temple.
 13439 | D:6      | XOM: noise
 13454 | D:5      | XOM: potion effect (curing)
 13474 | D:5      | XOM: summons 5 hostile demons
 13475 | D:5      | Noticed an orange demon
 13476 | D:5      | Reached skill level 5 in Armour
 13487 | D:6      | Reached skill level 6 in Long Blades
 13495 | D:6      | XOM: blink monster(s)
 13500 | D:6      | HP: 3/94 [wight/+3 hand axe of freezing (6)]
 13500 | D:6      | HP: 1/94 [wight/+3 hand axe of freezing (2)]
 13502 | D:6      | XOM: summons 5 hostile demons
 13503 | D:6      | Noticed a ynoxinul
 13504 | D:6      | Reached XP level 9. HP: 6/68 MP: 0/0
 13504 | D:6      | Learned a level 4 spell: Anguish
 13511 | D:6      | Killed from afar by a ynoxinul

Illustrated notes

Levels and vault maps discovered:
D:1:      dpeg_arrival_erosion, layout_basic, serial_shops, shop, shop,
          shapermc_ecumenical_altar_notcrosses
D:2:      layout_loops_ring
D:3:      layout_loops_ring
D:4:      layout_cave_pools, pf_just_have_faith, serial_library_hellmonk_octagon
D:5:      layout_layer_cave, vehumet_altar_wand_db, lemuel_temple_firewalk_b,
          uniq_prince_ribbit1
D:6:      layout_basic, old_standard_altar, serial_shops, shop,
          hangedman_decor_clover_reticule, hangedman_decor_growths, uniq_edmund

Skill      XL: |  1  2  3  4  5  6  7  8 |
---------------+-------------------------+-----
Long Blades    | 3 4 5 6 |  6.2
Armour         | 2 3 4 5 |  5.2
Spellcasting   | 1 2 |  2.5
Conjurations   | 1 2 |  2.5
Hexes          | 1 2 |  2.5
Summonings     | 1 2 |  2.5
Necromancy     | 1 2 |  2.5
Translocations | 1 2 |  2.5
Fire Magic     | 1 2 |  2.5
Ice Magic      | 1 2 |  2.5
Air Magic      | 1 2 |  2.5
Earth Magic    | 1 2 |  2.5
Alchemy        | 1 2 |  2.5
Shields        | 1 2 |  2.3
Dodging        | 3 4 |  4.7
Fighting       | 4 |  4.1
Evocations     | |  0.2

Action                     |  1- 3 |  4- 6 |  7- 9 || total
---------------------------+-------+-------+-------++-------
  Melee: Falchion          |    80 |   188 |   215 ||   483
         Headbutt          |       |    16 |    34 ||    50
         Punch             |       |     1 |     4 ||     5
   Cast: Slow              |       |       |     1 ||     1
  Evoke: Wand              |       |       |     2 ||     2
    Use: Potion            |     2 |       |     6 ||     8
         Scroll            |       |       |     2 ||     2
   Stab: Sleeping          |     2 |       |       ||     2
         Paralysed         |     1 |       |       ||     1
         Confused          |       |     1 |       ||     1
         Petrifying        |       |       |     1 ||     1
 Armour: Leather armour    |    40 |     1 |       ||    41
         Ring mail         |       |    66 |   102 ||   168
         Skin              |       |       |    84 ||    84
  Dodge: Dodged            |    63 |   259 |   197 ||   519
  Block: Other             |     5 |    48 |    20 ||    73
